 Dungeon Crawl Stone Soup version 0.27.1-34-g3ba077fa99 (webtiles) character file.

Game seed: 350846874168974941

8571 pkoi the Grappler (level 11, -2/69 HPs)
             Began as a Grey Draconian Artificer on Jan 17, 2022.
             Was a Follower of Hepliaklqana.
             Slain by a gargoyle (6 damage)
             ... on level 8 of the Dungeon.
             The game lasted 00:26:07 (14711 turns).

pkoi the Grappler (Grey Draconian Artificer)       Turns: 14711, Time: 00:26:08

Health: -2/69      AC: 16    Str: 21    XL:     11   Next: 11%
Magic:  15/20      EV: 13    Int: 15    God:    Hepliaklqana [*.....]
Gold:   229        SH:  0    Dex: 23    Spells: 18/22 levels left

rFire    . . .     SeeInvis .     - Unarmed
rCold    + . .     Faith    .   (no shield)
rNeg     . . .     Spirit   .   (armour unavailable)
rPois    .         Reflect  .   (helmet restricted)
rElec    .         Harm     .   z - +0 cloak
rCorr    .         Rampage  .   i - +1 pair of gloves
Will     .....                  j - +0 pair of boots of Snakes and Ladders {Fly Dex+3}
Stlth    ++........             (no amulet)
HPRegen  0.21/turn              p - +6 ring of dexterity
MPRegen  0.17/turn              s - ring "Xuedar" {rC+ Str+6 Dex+3}

@: flying
A: reduced essence, AC +12, amphibious, unfitting armour, cold-blooded
a: Renounce Religion, Recall Ancestor, Ancestor Identity


You were on level 8 of the Dungeon.
You worshipped Hepliaklqana.
Hepliaklqana was aware of your devotion.
You visited 2 branches of the dungeon, and saw 9 of its levels.
You also visited: Bailey.

You collected 504 gold pieces.
You spent 275 gold pieces at shops.

Inventory:

Hand Weapons
 a - a +0 club
 f - a +5 whip
 k - a +2 dagger of speed
 r - a +5 vorpal spear
Missiles
 o - 22 poisoned darts (quivered)
Armour
 i - a +1 pair of gloves (worn)
 j - the +0 pair of boots of Snakes and Ladders (worn) {Fly Dex+3}
   (You bought it in a shop on level 3 of the Dungeon)

   Dex:       It affects your dexterity (+3).
   Fly:       It grants you flight.
 z - a +0 cloak (worn)
Jewellery
 p - a +6 ring of dexterity (left hand)
 s - the ring "Xuedar" (right hand) {rC+ Str+6 Dex+3}
   (You acquired it in a bailey)

   [ring of protection from cold]

   Str:       It affects your strength (+6).
   Dex:       It affects your dexterity (+3).
   rC:        It protects you from cold.
Wands
 b - a wand of flame (6)
 c - a wand of charming (2)
 l - a wand of mindburst (5)
Scrolls
 g - 6 scrolls of identify
 q - 4 scrolls of teleportation
 t - a scroll of blinking
 u - a scroll of summoning
 v - a scroll of fog
 w - 2 scrolls of enchant armour
 x - a scroll of fear
 y - a scroll of enchant weapon
Potions
 e - 6 potions of curing
 h - 2 potions of brilliance
 m - 3 potions of might
 n - a potion of berserk rage
 A - a potion of haste
Miscellaneous
 d - a piece from Xom's chessboard (14/15)


   Skills:
 - Level 1.1 Fighting
 - Level 2.1 Dodging
 - Level 0.8 Stealth
 + Level 11.7 Unarmed Combat
 - Level 6.0 Spellcasting
 + Level 9.2 Summonings
 - Level 6.0 Evocations


You had 18 spell levels left.
You knew the following spells:

 Your Spells              Type           Power      Damage    Failure   Level
a - Summon Small Mammal   Summ           100%       N/A       1%          1
b - Call Canine Familiar  Summ           32%        N/A       1%          3

Your spell library contained the following spells:

 Spells                   Type           Power      Damage    Failure   Level
 Summon Guardian Golem    Hex/Summ       18%        N/A       7%          3
 Passage of Golubria      Tloc           N/A        N/A       82%         4
 Fireball                 Conj/Fire      2%         3d4       99%         5
 Silence                  Hex/Air        2%         N/A       99%         5
 Starburst                Conj/Fire      2%         6d3       100%        6
 Ignition                 Fire           2%         3d3       100%        8
 Lehudib's Crystal Spear  Conj/Erth      2%         10d2      100%        8


Dungeon Overview and Level Annotations

Branches:
Dungeon (8/15)             Temple (1/1) D:6          Bailey (visited)
   Lair: D:8-11

Altars:
Ashenzari
Cheibriados
Dithmenos
Elyvilon
Gozag
Hepliaklqana
Kikubaaqudgha
Makhleb
Okawaru
Qazlal
Ru
Sif Muna
Trog
Uskayaw
Vehumet
Wu Jian
Xom
Yredelemnul
Zin

Shops:
D:3 [   D:5 [   D:7 :

Annotations:
D:3 1 runed translucent door, Crazy Yiuf


Innate Abilities, Weirdness & Mutations

Your life essence is reduced to manifest your ancestor. (-10% HP)
Your dull iron-grey scales are very hard. (AC +12)
You are amphibious.
You cannot fit into any form of body armour.
You are cold-blooded and may be slowed by cold attacks.


Message History

Casting: Call Canine Familiar (safe; 1% risk of failure)
Confirm with . or Enter, or press ? or * to list all spells.
The gargoyle completely misses you.
You hit the gargoyle but do no damage.
You tail-slap the gargoyle, but do no damage.
The gargoyle hurls a stone arrow at you.
The stone arrow misses you.
The teleport trap disappears.
Your hound disappears!
You barely miss the gargoyle.
You tail-slap the gargoyle, but do no damage.
The gargoyle hurls a stone arrow at you.
The stone arrow hits you!
You completely miss the gargoyle.
You tail-slap the gargoyle, but do no damage.
The gargoyle hurls a stone arrow at you.
The stone arrow misses you.
Casting: Call Canine Familiar (safe; 1% risk of failure)
Confirm with . or Enter, or press ? or * to list all spells.
Akama hits the gargoyle but does no damage.
The gargoyle hits you with a +1 mace of protection.
You hit the gargoyle but do no damage.
The gargoyle hurls a stone arrow at you.
The stone arrow hits you!!
* * * LOW HITPOINT WARNING * * *
You punch the gargoyle!
The gargoyle is moderately damaged.
Your hound bites the gargoyle but does no damage.
Akama hits the gargoyle but does no damage.
You barely miss the gargoyle.
The gargoyle is moderately damaged.
The gargoyle hurls a stone arrow at you.
The stone arrow hits you!!
* * * LOW HITPOINT WARNING * * *
Your hound barely misses the gargoyle.
Akama barely misses the gargoyle.
You hit the gargoyle but do no damage.
You punch the gargoyle, but do no damage.
The gargoyle is moderately damaged.
Your hound bites the gargoyle but does no damage.
The gargoyle hits you with a +1 mace of protection.
You die...

##.###8###8###.###.###.#
#..#.##'.'##.#.........#
#.###).....)###..#######
#.#8#.......#8#..#
#.##'............#
#.##....8........#
#.##)...........##
#.#.#.....hR#8#.#
#.###'.)..@9###.#
#..#8##).'##!#..#
##.###(###R###.##
#...#######...#
###.........###
###########


You could see the friendly Akama the ancestor, a gargoyle (ally target) and a
friendly hound (summoned).

Vanquished Creatures
  Erica (D:8)
  A two-headed ogre (D:6)
  An orc high priest (Bailey)
  2 orc knights (Bailey)
  3 gargoyles (D:8)
  A kobold demonologist (Bailey)
  Grinder (D:3)
  Grum (D:8)
  A steam dragon (D:7)
  Menkaure (D:6)
  2 water moccasins
  7 orc warriors (Bailey)
  3 black bears
  An ice beast (D:6)
  3 sky beasts
  6 necrophages
  A wolf (D:8)
  3 centaurs
  A bullfrog (D:7)
  2 scorpions
  2 water moccasin zombies (D:5)
  A wyvern skeleton (D:7)
  A wight (D:5)
  4 killer bees
  A howler monkey (D:5)
  5 electric eels (Bailey)
  2 centaur zombies
  A bullfrog zombie (D:5)
  3 orc priests
  4 jellies
  A human zombie (D:5)
  3 hounds
  2 centaur skeletons (D:7)
  An iguana (D:7)
  Natasha (D:3)
  3 orc wizards
  A hound zombie (D:5)
  A hound skeleton (D:5)
  A mummy (D:5)
  Robin (D:3)
  9 gnolls
  2 adders
  A shadow imp (D:7)
  A white imp (D:6)
  2 adder skeletons (D:4)
  2 worms
  2 dart slugs
  27 orcs
  3 endoplasms
  3 giant cockroaches (D:1)
  14 hobgoblins
  4 jackals
  4 quokkas
  4 ball pythons
  3 bats (D:1)
  2 frilled lizards
  19 goblins
  7 kobolds
  7 rats
197 creatures vanquished.

Vanquished Creatures (collateral kills)
  2 gargoyles (D:8)
  A wolf (D:8)
  A gnoll sergeant (D:6)
  2 killer bees (D:7)
  An iguana (D:6)
  3 gnolls
  An adder (D:4)
  2 goblins
  2 hobgoblins
15 creatures vanquished.

Vanquished Creatures (others)
  3 killer bees (D:7)
  2 ancestors (D:8)
  An adder (D:6)
  A gnoll (D:4)
  A goblin (D:3)
  A hobgoblin (D:3)
  A plant (D:8)
10 creatures vanquished.

Grand Total: 222 creatures vanquished

Notes
Turn   | Place    | Note
-------+----------+-------------------------------------------
     0 | D:1      | pkoi the Draconian Artificer began the quest for the Orb.
     0 | D:1      | Reached XP level 1. HP: 16/16 MP: 1/1
   128 | D:1      | Reached skill level 1 in Unarmed Combat
   362 | D:1      | Reached XP level 2. HP: 23/23 MP: 2/2
   586 | D:1      | Reached skill level 2 in Unarmed Combat
  1180 | D:1      | Reached XP level 3. HP: 25/28 MP: 3/3
  1523 | D:2      | Reached skill level 3 in Unarmed Combat
  1730 | D:2      | You fall into a shaft and drop 2 floors!
  1804 | D:4      | Reached XP level 4. HP: 31/35 MP: 4/4
  1866 | D:3      | Noticed Grinder
  1900 | D:4      | Reached skill level 4 in Unarmed Combat
  2325 | D:4      | Noticed a black bear
  2416 | D:3      | Found a runed translucent door.
  2417 | D:3      | Noticed Crazy Yiuf
  2450 | D:3      | Found a faded altar of an unknown god.
  2454 | D:3      | Paralysed by Grinder for 3 turns
  2463 | D:3      | Killed Grinder
  2464 | D:3      | Reached skill level 5 in Unarmed Combat
  2464 | D:3      | Reached XP level 5. HP: 40/40 MP: 5/5
  2464 | D:3      | Reached XP level 6. HP: 47/47 MP: 6/6
  3444 | D:3      | Noticed Robin
  3471 | D:3      | Killed Robin
  3562 | D:3      | Found Enakaj Afrui's Antique Armour Emporium.
  3891 | D:3      | Noticed Natasha
  3896 | D:3      | Killed Natasha
  4085 | D:4      | Reached skill level 6 in Unarmed Combat
  4596 | D:4      | Your scales start taking on a dull iron-grey colour.
  4596 | D:4      | Reached XP level 7. HP: 36/52 MP: 7/7
  4805 | D:4      | Learned a level 1 spell: Summon Small Mammal
  4972 | D:5      | Entered Level 5 of the Dungeon
  5797 | D:4      | Reached skill level 1 in Spellcasting
  5797 | D:4      | Reached skill level 1 in Summonings
  5897 | D:5      | Reached skill level 5 in Evocations
  5905 | D:5      | Reached skill level 7 in Unarmed Combat
  6249 | D:5      | Found a shadowy altar of Dithmenos.
  6329 | D:5      | Reached XP level 8. HP: 51/59 MP: 9/9
  6737 | D:5      | Found Teat's Armour Shoppe.
  6808 | D:5      | Found an ancient bone altar of Kikubaaqudgha.
  6916 | D:5      | Reached skill level 8 in Unarmed Combat
  7284 | D:3      | Bought a pair of smoking boots for 275 gold pieces
  7284 | D:3      | Identified the +0 pair of boots of Snakes and Ladders {Fly
                  | Dex+3} (You bought it in a shop on level 3 of the Dungeon)
  7437 | D:6      | Found a staircase to the Ecumenical Temple.
  7476 | D:6      | Reached XP level 9. HP: 57/64 MP: 13/13
  7515 | Temple   | Entered the Ecumenical Temple
  7524 | Temple   | Reached skill level 9 in Unarmed Combat
  7714 | Temple   | Became a worshipper of Hepliaklqana the Forgotten
  7719 | Temple   | Learned a level 3 spell: Call Canine Familiar
  8034 | D:6      | Noticed Menkaure
  8064 | D:6      | HP: 3/64 [Menkaure/nerve-wracking pain (9)]
  8473 | D:6      | Killed Menkaure
  8515 | D:6      | Noticed a two-headed ogre
  8536 | D:6      | Killed a two-headed ogre
  8537 | D:6      | Reached skill level 5 in Summonings
  8741 | D:6      | Noticed a troll
  8996 | D:7      | Found a flagged portal.
  9010 | Bailey   | Entered a bailey
  9234 | Bailey   | Noticed an orc knight
  9319 | Bailey   | Noticed an orc knight
  9477 | Bailey   | Killed an orc knight
  9478 | Bailey   | Reached skill level 10 in Unarmed Combat
  9478 | Bailey   | Reached skill level 5 in Spellcasting
  9739 | Bailey   | Noticed an orc high priest
  9739 | Bailey   | Noticed a kobold demonologist
  9775 | Bailey   | Reached XP level 10. HP: 43/71 MP: 17/17
 10421 | Bailey   | Noticed a smoke demon
 10437 | Bailey   | Killed an orc high priest
 10721 | Bailey   | Found an iron altar of Okawaru.
 11632 | Bailey   | Killed an orc knight
 11803 | Bailey   | Acquired the ring "Xuedar" {rC+ Str+6 Dex+3}
 12174 | D:7      | Found Akaacigh's Book Emporium.
 12180 | D:7      | Reached * piety under Hepliaklqana
 12220 | D:7      | Reached skill level 11 in Unarmed Combat
 12750 | D:7      | Found a shimmering blue altar of Sif Muna.
 12853 | D:8      | Noticed Erica
 13153 | D:8      | Noticed Grum
 13162 | D:8      | Killed Grum
 13413 | D:8      | Killed Erica
 13873 | D:8      | Noticed a gargoyle
 13881 | D:8      | Killed a gargoyle
 14041 | D:8      | Noticed a gargoyle
 14047 | D:8      | Killed a gargoyle
 14048 | D:8      | Reached XP level 11. HP: 50/69 MP: 18/20
 14711 | D:8      | Slain by a gargoyle

Illustrated notes

Levels and vault maps discovered:
D:1:      psy_arrival_statuary, layout_loops_ring, serial_glass,
          glass_columns_c, glass_columns_a
D:2:      layout_basic, cheibrodos_gnoll_hut
D:3:      layout_basic, serial_shops, shop, basic_ecumenical_altar,
          uniq_natasha, uniq_crazy_yiuf_cottage, uniq_robin, uniq_grinder
D:4:      layout_basic, minmay_misc_feat_roman, kennysheep_generic_room_16
D:5:      layout_rooms, nicolae_overflow_hidden_temple,
          lemuel_mausoleum_altar_kikubaaqudgha, serial_shops, kennysheep_mini
D:6:      layout_basic, minmay_temple_entry_glass, uniq_menkaure
D:7:      layout_basic, nicolae_sif_muna_little_library, serial_shops, shop,
          enter_bailey_2, roderic_filled_cross
D:8:      cheibrodos_statue_roulette, layout_basic, fedhas_altar_decomposition,
          david_lair_generic, uniq_grum, uniq_erica
Temple:   nicolae_temple_elliptical

Skill      XL: |  1  2  3  4  5  6  7  8  9 10 |
---------------+-------------------------------+-----
Unarmed Combat | 1 2 3 5 6 7 8 10 11 | 11.7
Evocations     | 4 5 6 |  6.0
Spellcasting   | 1 3 5 6 |  6.0
Summonings     | 1 4 6 9 |  9.2
Fighting       | |  1.1
Dodging        | |  2.1
Stealth        | |  0.8

Action                   |  1- 3 |  4- 6 |  7- 9 | 10-12 || total
-------------------------+-------+-------+-------+-------++-------
Melee: Club              |    27 |       |       |       ||    27
       Whip              |    84 |   100 |    31 |       ||   215
       Tailslap          |     7 |    10 |    88 |    54 ||   159
       Punch             |     2 |     3 |    20 |    22 ||    47
       Unarmed           |       |       |   446 |   269 ||   715
Throw: Dart              |       |       |       |     3 ||     3
 Cast: Summon Small Mamm |       |       |     6 |    24 ||    30
       Call Canine Famil |       |       |       |    28 ||    28
Invok: Recall Ancestor   |       |       |       |     3 ||     3
       Ancestor Identity |       |       |       |     1 ||     1
Evoke: Wand              |     1 |    13 |    15 |     8 ||    37
       Piece from Xom's  |       |       |     4 |     6 ||    10
  Use: Scroll            |     3 |       |     6 |     5 ||    14
       Potion            |       |       |     6 |       ||     6
 Stab: Sleeping          |     2 |     4 |     1 |       ||     7
       Confused          |       |       |     1 |       ||     1
       Distracted        |       |       |     3 |     1 ||     4
Armor: Skin              |    35 |    41 |   184 |    87 ||   347
Dodge: Dodged            |    68 |    58 |   246 |   124 ||   496
